 Dungeon Crawl Stone Soup version 0.20-a0-513-g02c11fc (webtiles) character file.

12214 Asddderdsw the Thaumaturge (level 11, -15/88 HPs)
             Began as a Green Draconian Earth Elementalist on Jan 21, 2017.
             Killed from afar by a molten gargoyle (27 damage)
             ... with a bolt of magma
             ... on level 9 of the Dungeon on Jan 22, 2017.
             The game lasted 02:48:36 (14097 turns).

Asddderdsw the Thaumaturge (DrEE)                  Turns: 14097, Time: 02:48:37

Health: -15/88     AC: 16    Str: 10 (13) XL:     11   Next: 59%
Magic:  33/33      EV: 14    Int: 19 (20) God:
Gold:   175        SH:  0    Dex:  9 (12) Spells: 1/28 levels left

rFire    + . .     SeeInvis .   W - +2 flail (protect)
rCold    x . .     Gourm    +   (armour unavailable)
rNeg     . . .     Faith    .   (no shield)
rPois    +         Spirit   .   (helmet restricted)
rElec    .         Reflect  .   h - +1 cloak
rCorr    .         Harm     .   (no gloves)
MR       .....                  (no boots)
Stlth    +.........             Z - amulet of the gourmand
Regen    0.3/turn               F - ring of magical power
                                H - ring of fire

@: confused, protection aura
A: breathe noxious fumes, unfitting armour, claws 1, horns 1, talons 1, clever
1, deterioration 1, poison resistance, strong 1, evolution 1, cold-blooded,
subdued magic 1, AC +7
a: Breathe Noxious Fumes


You were on level 9 of the Dungeon.
You were not hungry.

You visited 3 branches of the dungeon, and saw 13 of its levels.

You collected 595 gold pieces.
You spent 420 gold pieces at shops.

Inventory:

Hand Weapons
 i - a +0 great mace
 j - a +3 mace of freezing
 k - a +0 whip of flaming
 l - a +1 falchion of holy wrath
 n - a +0 shortbow
 q - a +0 morningstar
 w - a +0 hunting sling
 z - a +0 long sword
 B - a +0 dire flail
 J - a +5 quarterstaff of chaos
 N - a +0 blowgun
 O - a +0 quarterstaff
 W - a +2 flail of protection (weapon)
Missiles
 b - 220 stones (quivered)
 e - 115 arrows
 g - 55 bolts
 m - 13 javelins
 x - 47 poisoned needles
 K - 5 tomahawks
Armour
 h - a +1 cloak (worn)
Jewellery
 E - a cursed ring of teleportation
 F - a ring of magical power (right claw)
 H - a ring of fire (left claw)
 I - an uncursed ring of positive energy
 Z - an amulet of the gourmand (around neck)
Wands
 t - a wand of flame (17/48)
 G - a wand of flame (26/48)
 M - a wand of acid (9/15)
 R - a wand of random effects (14/48)
Scrolls
 f - a scroll of amnesia
 p - 2 scrolls of immolation
 C - 2 scrolls of enchant weapon
 L - a scroll of fear
 P - 3 scrolls of identify
 T - a scroll of remove curse
 X - a scroll of teleportation
Potions
 u - a potion of ambrosia
 A - a potion of agility
 Q - a potion of mutation
Books
 d - a book of Geomancy

   Spells                             Type                      Level
   a - Sandblast                      Earth                        1
   b - Passwall                       Transmutation/Earth          2
   c - Stone Arrow                    Conjuration/Earth            3
   d - Petrify                        Transmutation/Earth          4
   e - Lee's Rapid Deconstruction     Earth                        5
 r - a book of Beasts

   Spells                             Type                      Level
   a - Summon Butterflies             Summoning                    1
   b - Call Canine Familiar           Summoning                    3
   c - Summon Ice Beast               Ice/Summoning                4
   d - Summon Mana Viper              Hexes/Summoning              5
   e - Summon Hydra                   Summoning                    7
 y - a book of Misfortune

   Spells                             Type                      Level
   a - Confusing Touch                Hexes                        1
   b - Confuse                        Hexes                        3
   c - Gell's Gravitas                Hexes/Translocation          3
   d - Petrify                        Transmutation/Earth          4
   e - Metabolic Englaciation         Hexes/Ice                    5
   f - Yara's Violent Unravelling     Hexes/Transmutation          5
 D - a book of Maledictions

   Spells                             Type                      Level
   a - Corona                         Hexes                        1
   b - Ensorcelled Hibernation        Hexes/Ice                    2
   c - Confuse                        Hexes                        3
   d - Tukima's Dance                 Hexes                        3
   e - Dazzling Spray                 Conjuration/Hexes            3
 S - a book of Frost

   Spells                             Type                      Level
   a - Freeze                         Ice                          1
   b - Throw Frost                    Conjuration/Ice              2
   c - Ozocubu's Armour               Charms/Ice                   3
   d - Throw Icicle                   Conjuration/Ice              4
   e - Summon Ice Beast               Ice/Summoning                4
Comestibles
 c - 5 bread rations
 o - 3 royal jellies
 s - 24 fruits
 v - 2 meat rations


   Skills:
 + Level 5.2 Fighting
 + Level 3.4(5.4) Maces & Flails
 + Level 6.5(6.9) Staves
 + Level 1.2 Throwing
 + Level 5.4 Dodging
 + Level 4.3 Stealth
 + Level 9.3 Spellcasting
 + Level 5.8 Conjurations
 + Level 2.1 Hexes
 + Level 1.5 Summonings
 + Level 1.0 Translocations
 + Level 1.1 Transmutations
 + Level 0.4 Ice Magic
 + Level 8.9 Earth Magic


You had one spell level left.
You knew the following spells:

 Your Spells              Type           Power        Failure   Level  Hunger
a - Sandblast             Erth           ####..       1%          1    None
b - Passwall              Tmut/Erth      ###.......   1%          2    None
c - Stone Arrow           Conj/Erth      ####..       1%          3    None
d - Petrify               Tmut/Erth      ###.....     10%         4    ###....
e - Lee's Rapid Deconstr  Erth           ####......   6%          5    #####..
f - Summon Butterflies    Summ           ##......     4%          1    None
g - Gell's Gravitas       Hex/Tloc       ##........   12%         3    None
h - Tukima's Dance        Hex            ##......     10%         3    None
i - Ensorcelled Hibernat  Hex/Ice        ##....       8%          2    None
j - Ozocubu's Armour      Chrm/Ice       #.......     17%         3    None


Dungeon Overview and Level Annotations

Branches:
Dungeon (11/15)            Temple (1/1) D:7             Orc (1/2) D:9
   Lair: D:8-11

Altars:
Ashenzari
Cheibriados
Dithmenos
Elyvilon
Gozag
Hepliaklqana
Kikubaaqudgha
Nemelex Xobeh
Okawaru
Qazlal
Ru
Sif Muna
Trog
Vehumet
Xom
Yredelemnul
The Shining One

Shops:
D:9 =

Annotations:
Orc:1 Nergalle
Abyss:1 Duvessa


Innate Abilities, Weirdness & Mutations

You can breathe blasts of noxious fumes.
Your lurid green scales are hard. (AC +7)
You cannot fit into any form of body armour.
Your system is resistant to poisons. (rPois)
You are cold-blooded and may be slowed by cold attacks.
You have sharp fingernails.
You have a pair of small horns on your head.
You have sharp toenails.
Your mind is acute. (Int +2)
Your body sometimes deteriorates upon taking damage.
Your muscles are strong. (Str +2)
You evolve.
Your spells are a little easier to cast, but a little less powerful.


Message History

The molten gargoyle blasts magma at you!
The bolt of magma hits you! You partially resist.
You hit the molten gargoyle but do no damage.
The molten gargoyle is moderately damaged.
The molten gargoyle blasts magma at you!
The bolt of magma hits you! You partially resist.
You closely miss the molten gargoyle.
The molten gargoyle is moderately damaged.
The molten gargoyle blasts magma at you!
The bolt of magma hits you! You partially resist.
* * * LOW HITPOINT WARNING * * *
The molten gargoyle blasts magma at you!
The bolt of magma hits you! You partially resist.
* * * LOW HITPOINT WARNING * * *
Your body deteriorates!
You feel clumsy.
You are confused.
You feel invigorated.
The molten gargoyle blasts magma at you!
The bolt of magma hits you! You partially resist.
You die...

#############......#...'.......
###)..))..<.[........#.###.......
....###########......#.# #.......
##### #........# #.......
#......### #.....). #......#
#####.## #####.## #...# ####.#
###.### #@...# #...# ########
####9#### ##'###### .......#
####.......# #........
.......###..'.......# #........
........>..##.......# #........
.......######.......#####........
.......# #.......'...+........
.......# #.......#####........
.......# ###'##### #........


You could see a molten gargoyle.

Vanquished Creatures
  5 two-headed ogres
  Pikel (D:5)
  3 molten gargoyles
  3 hippogriffs
  Prince Ribbit (D:6)
  A shadow (D:7)
  6 yaks (D:10)
  A wyvern (D:9)
  3 hungry ghosts
  A dancing weapon (D:9)
  2 water moccasins
  5 soldier ants
  2 orc warriors
  3 ice beasts
  3 ogres
  A sky beast (D:9)
  2 black bears
  A necrophage (D:6)
  2 centaurs
  Blork the orc (D:5)
  2 big kobolds (D:10)
  4 bullfrogs
  Dowan (D:5)
  4 scorpions
  4 killer bees (D:9)
  6 wights (D:9)
  A howler monkey (D:4)
  4 crimson imps
  A hound (D:10)
  3 quasits
  Crazy Yiuf (D:2)
  9 orc priests
  4 jellies
  9 orc wizards
  A bullfrog skeleton (D:5)
  A centaur skeleton (D:7)
  2 iguanas
  28 worker ants
  A hound zombie (D:6)
  3 hound skeletons
  2 howler monkey skeletons
  A worker ant zombie (D:10)
  3 gnolls (D:3)
  7 adders
  2 shadow imps
  An ooze (D:3)
  2 adder skeletons
  2 worms
  A dart slug (D:2)
  5 leopard geckos
  52 orcs
  6 bats
  3 giant cockroaches
  9 goblins
  7 hobgoblins
  9 jackals
  4 quokkas
  3 frilled lizards
  2 jackal skeletons
  A jackal zombie (D:5)
  4 kobolds
  A leopard gecko skeleton (D:5)
  3 rats
  3 fungi (D:2)
  A plant (D:10)
270 creatures vanquished.

Vanquished Creatures (others)
  An unseen horror (D:10)
  A soldier ant (D:8)
  5 dancing weapons
  An ice beast (D:5)
  An ogre (D:8)
9 creatures vanquished.

Grand Total: 279 creatures vanquished

Notes
Turn   | Place    | Note
-------+----------+-------------------------------------------
     0 | D:1      | Asddderdsw the Draconian Earth Elementalist began the quest for the Orb.
     0 | D:1      | Reached XP level 1. HP: 14/14 MP: 3/3
   625 | D:2      | Reached XP level 2. HP: 18/20 MP: 5/5
  1058 | D:2      | Reached XP level 3. HP: 18/26 MP: 3/6
  1064 | D:2      | Learned a level 2 spell: Passwall
  1068 | D:2      | Learned a level 3 spell: Stone Arrow
  1425 | D:2      | Found a runed door.
  2020 | D:3      | Found a glowing golden altar of the Shining One.
  2381 | D:3      | Reached skill level 1 in Fighting
  2381 | D:3      | Reached XP level 4. HP: 16/35 MP: 3/7
  2472 | D:4      | Found a radiant altar of Vehumet.
  2472 | D:4      | Found an ancient bone altar of Kikubaaqudgha.
  2605 | D:4      | Reached skill level 1 in Maces & Flails
  2619 | D:4      | Reached XP level 5. HP: 36/41 MP: 3/9
  3062 | D:4      | Found a snail-covered altar of Cheibriados.
  3200 | D:4      | Found a shattered altar of Ashenzari.
  3266 | D:4      | Found a deep blue altar of Sif Muna.
  3513 | D:3      | Reached XP level 6. HP: 31/48 MP: 1/10
  3617 | D:3      | Reached skill level 3 in Spellcasting
  3919 | D:3      | Learned a level 4 spell: Petrify
  4041 | D:2      | Noticed Crazy Yiuf
  4044 | D:2      | Killed Crazy Yiuf
  4276 | D:5      | Entered Level 5 of the Dungeon
  4306 | D:4      | Reached skill level 1 in Conjurations
  4587 | D:6      | Reached skill level 5 in Earth Magic
  4587 | D:6      | Your scales start taking on a lurid green colour.
  4587 | D:6      | Reached XP level 7. HP: 52/56 MP: 0/12
  4587 | D:6      | Gained mutation: Your system is resistant to poisons. (rPois) [Green Draconian growth]
  4907 | D:6      | Reached skill level 4 in Spellcasting
  5301 | D:6      | Gained mutation: You evolve. [potion of mutation]
  5301 | D:6      | Gained mutation: You have a pair of small horns on your head. [potion of mutation]
  5301 | D:6      | Gained mutation: Your body sometimes deteriorates upon taking damage. [potion of mutation]
  5325 | D:6      | Reached XP level 8. HP: 62/62 MP: 0/14
  5378 | D:7      | Noticed a hippogriff
  5423 | D:6      | Noticed Prince Ribbit
  5506 | D:6      | Killed Prince Ribbit
  5506 | D:6      | Reached skill level 5 in Spellcasting
  5554 | D:6      | Gained mutation: You have sharp toenails. [evolution]
  5923 | D:6      | Learned a level 5 spell: Lee's Rapid Deconstruction
  5935 | D:5      | Noticed Blork the orc
  5978 | D:5      | Killed Blork the orc
  5978 | D:5      | Reached skill level 1 in Throwing
  6008 | D:5      | Noticed Duvessa
  6012 | D:5      | Noticed Dowan
  6049 | D:5      | Banished Duvessa
  6066 | D:5      | Killed Dowan
  6066 | D:5      | Reached skill level 1 in Staves
  6326 | D:5      | Noticed Pikel
  6334 | D:5      | Killed Pikel
  6334 | D:5      | Reached XP level 9. HP: 54/70 MP: 7/17
  6865 | D:7      | Reached skill level 6 in Spellcasting
  6878 | D:7      | Learned a level 1 spell: Summon Butterflies
  7206 | D:7      | Found a staircase to the Ecumenical Temple.
  7387 | D:7      | Upgraded the game from 0.20-a0-508-g29864a7 to 0.20-a0-513-g02c11fc
  7649 | D:8      | Learned a level 3 spell: Gell's Gravitas
  7714 | D:8      | Noticed a two-headed ogre
  7840 | Temple   | Entered the Ecumenical Temple
  8030 | D:8      | Noticed a queen ant
  8273 | D:8      | Gained mutation: Your mind is acute. (Int +2) [evolution]
  8319 | D:8      | Reached skill level 7 in Spellcasting
  8339 | D:8      | Killed a two-headed ogre
  8339 | D:8      | Reached XP level 10. HP: 52/78 MP: 0/20
  8350 | D:8      | Learned a level 3 spell: Tukima's Dance
  8622 | D:8      | Noticed a two-headed ogre
  8696 | D:8      | Reached skill level 5 in Conjurations
  8844 | D:8      | Killed a two-headed ogre
  8844 | D:8      | Reached skill level 1 in Hexes
  8859 | D:8      | Learned a level 2 spell: Ensorcelled Hibernation
  9882 | D:9      | Gained mutation: Your spells are a little easier to cast, but a little less powerful. [mutagenic meat]
  9884 | D:9      | Gained mutation: You have sharp fingernails. [mutagenic meat]
  9906 | D:9      | Found a staircase to the Orcish Mines.
  9968 | D:9      | Reached skill level 1 in Summonings
  9975 | D:9      | Reached skill level 8 in Spellcasting
 10085 | D:9      | Reached skill level 5 in Staves
 10086 | D:9      | Found Arrillaf's Jewellery Emporium.
 10366 | D:9      | Bought an uncursed amulet of the gourmand for 420 gold pieces
 10493 | Orc:1    | Entered Level 1 of the Orcish Mines
 10518 | Orc:1    | Noticed a two-headed ogre
 10536 | Orc:1    | Killed a two-headed ogre
 10595 | Orc:1    | Noticed Nergalle
 10746 | D:10     | Entered Level 10 of the Dungeon
 10792 | D:10     | Killed an unseen horror
 10858 | D:10     | Reached XP level 11. HP: 66/85 MP: 23/23
 11045 | D:10     | Reached skill level 5 in Dodging
 11082 | D:10     | Noticed a two-headed ogre
 11298 | D:9      | Learned a level 3 spell: Ozocubu's Armour
 11340 | D:9      | HP: 2/85 [molten gargoyle/flail (5)]
 11345 | D:9      | HP: 2/127 [something/bolt of magma (9)]
 12027 | D:10     | Noticed a two-headed ogre
 12039 | D:10     | Killed a two-headed ogre
 12039 | D:10     | Reached skill level 9 in Spellcasting
 12299 | D:10     | Reached skill level 5 in Fighting
 12440 | D:10     | Killed a two-headed ogre
 12440 | D:10     | Reached skill level 1 in Translocations
 13376 | D:9      | Gained mutation: Your muscles are strong. (Str +2) [evolution]
 14097 | D:9      | Killed from afar by a molten gargoyle

Vault maps used:
D:1:      enne_arrival_octagon_isle
D:2:      uniq_crazy_yiuf_cottage
D:3:      lemuel_round_altar, first_bread, minmay_misc_feat_square, uniq_robin
D:4:      overflow_temple_1_default, gammafunk_temple_overflow_wave,
          nicolae_overflow_crystal_walls, ashenzari_altar_1
D:5:      solitary_fountain, uniq_duvessa, uniq_blork_the_orc, uniq_pikel
D:6:      uniq_prince_ribbit1
D:8:      minmay_another_anthill
D:9:      orc_0_dummy, serial_shops, nicolae_shop_crystal
D:10:     blue_anna_alchemist, minivault_8
D:11:     due_lair_maze_entry_diamond, enter_bailey_2
Temple:   regret_index_temple_sphere_string
Orc:1:    uniq_nergalle

Skill      XL: |  1  2  3  4  5  6  7  8  9 10 11 |
---------------+----------------------------------+-----
Dodging        | 2 3 4 5 |  5.4
Stealth        | 2 3 4 |  4.3
Earth Magic    | 4 5 6 7 8 |  8.9
Fighting       | 1 2 3 4 5 |  5.2
Maces & Flails | 1 2 3 |  3.4
Spellcasting   | 3 4 5 7 8 9 |  9.3
Conjurations   | 1 2 3 4 5 |  5.8
Throwing       | 1 |  1.2
Staves         | 2 4 5 6 |  6.5
Hexes          | 1 2 |  2.1
Summonings     | 1 |  1.5
Translocations | 1 |  1.0
Transmutations | |  1.1
Ice Magic      | |  0.4

Action                   |  1- 3 |  4- 6 |  7- 9 | 10-12 || total
-------------------------+-------+-------+-------+-------++-------
Melee: Whip              |     6 |       |       |       ||     6
       Mace              |    82 |    79 |       |       ||   161
       Tailslap          |    13 |    12 |     9 |    21 ||    55
       War axe           |     5 |       |       |       ||     5
       Trident           |       |     2 |    25 |       ||    27
       Quarterstaff      |       |       |    87 |   201 ||   288
       Kick              |       |       |    15 |    49 ||    64
       Headbutt          |       |       |    15 |    36 ||    51
       Flail             |       |       |       |    10 ||    10
Throw: Stone             |     4 |       |    24 |     3 ||    31
 Cast: Sandblast         |    27 |    17 |    18 |     5 ||    67
       Stone Arrow       |     2 |    31 |    99 |   108 ||   240
       Lee's Rapid Decon |       |       |     7 |    17 ||    24
       Summon Butterflie |       |       |     3 |    12 ||    15
       Gell's Gravitas   |       |       |     2 |    15 ||    17
       Petrify           |       |       |     2 |       ||     2
       Tukima's Dance    |       |       |       |    22 ||    22
       Ensorcelled Hiber |       |       |       |     3 ||     3
       Ozocubu's Armour  |       |       |       |     6 ||     6
 Abil: Breathe Noxious F |       |       |    14 |    15 ||    29
  Use: Scroll            |     6 |       |    16 |     1 ||    23
       Potion            |       |     4 |    12 |    12 ||    28
 Stab: Sleeping          |     3 |       |       |     1 ||     4
       Confused          |       |       |     1 |       ||     1
       Petrifying        |       |       |     1 |       ||     1
       Paralysed         |       |       |       |     2 ||     2
  Eat: Chunk             |     5 |     8 |    15 |    28 ||    56
       Bread ration      |       |     1 |       |       ||     1
       Meat ration       |       |       |     2 |     1 ||     3
       Fruit             |       |       |     4 |       ||     4
Armor: Skin              |    26 |    33 |    79 |    91 ||   229
Dodge: Dodged            |    52 |    87 |   114 |   214 ||   467
